 Dungeon Crawl Stone Soup version 0.16-a0-269-gd5b6136 (webtiles) character file.

163 Johnny the Gusty (level 5, -2/39 HPs)
             Began as a Demigod Air Elementalist on Aug 26, 2014.
             Slain by a big kobold
             ... wielding a +0 club
              (6 damage)
             ... on Level 3 of the Dungeon.
             The game lasted 00:12:43 (3507 turns).

Johnny the Gusty (Demigod Air Elementalist)         Turns: 3507, Time: 00:12:43

HP  -2/39        AC  5     Str 11      XL: 5   Next:  0%
MP   1/14        EV 13     Int 20      God:
Gold 117         SH  0     Dex 18      Spells:  2 memorised,  6 levels left

rFire  . . .     SeeInvis .     t - +0 halberd (freeze)
rCold  . . .     Clarity  .     a - +0 robe
rNeg   . . .     rCorr    .     (no shield)
rPois  .         rRot     .     (no helmet)
rElec  .         Spirit   .     h - +1 cloak
SustAb .         Warding  .     (no gloves)
rMut   .         Stasis   +     o - +0 pair of boots
Gourm  .                        i - amulet of stasis
MR     .....                    (no ring)
                                (no ring)

@: very slightly contaminated, not resistant to hostile enchantments, unstealthy
A: no striking features
a: no special abilities


You were on level 3 of the Dungeon.
You were not hungry.

You visited 1 branch of the dungeon, and saw 3 of its levels.

You collected 117 gold pieces.

Inventory:

Hand weapons
 e - a +0 dagger
 f - a +1 hand axe of freezing
 n - a +0 hand axe of electrocution
 t - a +0 halberd of freezing (weapon)
Armour
 a - a +0 robe (worn)
 h - a +1 cloak (worn)
 o - a +0 pair of boots (worn)
Comestibles
 c - a bread ration
 m - a meat ration
Scrolls
 j - a scroll of remove curse
 k - a scroll of identify
 r - a scroll of recharging
Jewellery
 i - an amulet of stasis (around neck)
Potions
 d - 2 potions of agility
 l - a potion of haste {unknown}
Books
 b - a book of Air

   Spells                             Type                      Level
   *Shock                             Conjuration/Air              1
   Swiftness                          Charms/Air                   2
   Repel Missiles                     Charms/Air                   2
   Flight                             Charms/Air                   3
   *Static Discharge                  Conjuration/Air              3
   Lightning Bolt                     Conjuration/Air              5


   Skills:
 + Level 0.3 Fighting
 + Level 0.3 Short Blades
 + Level 0.1 Polearms
 + Level 2.3 Dodging
 + Level 2.1 Stealth
 + Level 3.0 Spellcasting
 + Level 1.7 Conjurations
 + Level 3.6 Air Magic


You had 6 spell levels left.
You knew the following spells:

 Your Spells              Type           Power        Failure   Level  Hunger
a - Shock                 Conj/Air       ##..         6%          1    None
b - Static Discharge      Conj/Air       ##......     17%         3    ###....


Dungeon Overview and Level Annotations

Branches:
Dungeon (3/15)

Annotations:
D:2 Sigmund


Message History

The big kobold is heavily wounded.
The kobold hits you with a club. The big kobold hits you with a club.
* * * LOW HITPOINT WARNING * * *
The kobold closely misses you.
You closely miss the big kobold.
The big kobold is heavily wounded.
The big kobold hits you but does no damage.
You miss the big kobold.
The big kobold is heavily wounded.
The kobold closely misses you. The big kobold closely misses you.
You completely miss the big kobold.
The big kobold is heavily wounded.
The kobold closely misses you. The big kobold barely misses you.
The kobold closely misses you.
You barely miss the big kobold.
The big kobold is heavily wounded.
The big kobold hits you with a club.
* * * LOW HITPOINT WARNING * * *
The kobold closely misses you. The big kobold hits you with a club.
You die...

***********#######*########''####
*,,,,,,** ##.....#,,,,,,,#....#,,
*,,,,,,,*##......+,,,,,,,#....#,,
*,,,,,,,,#.......#########.)..##*
,,,,,,,,,#.....(........#..(...#,
,,,,,,,,,+......(.......'......+,
,,,,,,,,,#...(....)(....#..(...#,
*,,,,,,,,#....)..#########....##*
*,,,,,,,*##.....@K.).....#....#,,
*,,,,,,** ##....K#)......#....#,,
***********####################**
*≈≈≈≈≈≈≈≈≈≈≈≈≈≈≈≈≈≈≈≈≈≈≈≈≈≈≈≈≈≈≈≈
≈≈≈≈≈≈≈≈≈≈≈≈≈≈≈≈≈≈≈≈≈≈≈≈≈≈≈≈≈≈≈≈≈
**≈≈≈≈≈≈≈≈≈≈≈≈≈≈≈≈≈≈≈≈≈≈≈≈≈≈≈≈≈≈≈
********************************


You could see a big kobold and a kobold.

Vanquished Creatures
  An orc priest (D:3)
  An orc wizard (D:3)
  Terence (D:2)
  2 adders (D:2)
  2 worms
  A giant gecko (D:2)
  5 orcs (D:3)
  2 ball pythons
  4 bats
  5 hobgoblins
  4 jackals (D:2)
  A quokka (D:3)
  4 giant cockroaches
  3 giant newts
  5 goblins
  16 kobolds
  3 rats
60 creatures vanquished.

Notes
Turn   | Place    | Note
--------------------------------------------------------------
     0 | D:1      | Johnny, the Demigod Air Elementalist, began the quest for the Orb.
     0 | D:1      | Reached XP level 1. HP: 14/14 MP: 3/3
   681 | D:1      | Reached skill level 3 in Air Magic
   740 | D:1      | Reached XP level 2. HP: 20/20 MP: 0/4
   997 | D:1      | Reached skill level 1 in Conjurations
  1588 | D:2      | Reached XP level 3. HP: 26/26 MP: 1/8
  1684 | D:2      | Noticed Terence
  1708 | D:2      | Killed Terence
  2431 | D:2      | Learned a level 3 spell: Static Discharge
  2498 | D:2      | Noticed Sigmund
  2719 | D:3      | Found an ancient bone altar of Kikubaaqudgha.
  2840 | D:3      | Reached XP level 4. HP: 19/33 MP: 4/11
  3495 | D:3      | Noticed a big kobold
  3501 | D:3      | Reached XP level 5. HP: 25/39 MP: 0/14
  3507 | D:3      | Slain by a big kobold

Action                   |  1- 3 |  4- 6 || total
-------------------------+-------+-------++-------
Melee: Dagger            |    63 |       ||    63
       Halberd           |       |    12 ||    12
 Cast: Shock             |   112 |    31 ||   143
       Static Discharge  |       |     3 ||     3
  Use: Potion            |     1 |     1 ||     2
       Scroll            |       |     5 ||     5
  Eat: Chunk             |     7 |       ||     7
       Meat ration       |       |     1 ||     1
